 Dungeon Sprint DCSS version 0.27-a0-79-gcaaa221d37 (webtiles) character file.

Game seed: 18073914042468517749

81 rocky1 the Skirmisher (level 4, -6/75 HPs)
             Began as an Ogre Hunter on Jan 15, 2021.
             Was an Initiate of Okawaru.
             Killed by divine providence
             ... invoked by an orc priest
              (7 damage)
             ... in the Dungeon (Sprint VII: "The Pits").
             The game lasted 00:02:27 (257 turns).

rocky1 the Skirmisher (Ogre Hunter)                  Turns: 257, Time: 00:02:28

Health: -6/75      AC:  3    Str: 16    XL:     4   Next: 40%
Magic:  4/4        EV: 11    Int: 12    God:    Okawaru [......]
Gold:   0          SH:  0    Dex: 10    Spells: 3/3 levels left

rFire    . . .     SeeInvis .   a - +2 mace
rCold    . . .     Faith    .   (no shield)
rNeg     . . .     Spirit   .   b - +0 robe
rPois    .         Reflect  .   (helmet restricted)
rElec    .         Harm     .   (no cloak)
rCorr    .         Rampage  .   (gloves unavailable)
Will     .....     NoTele   +   (boots unavailable)
Stlth    ..........             (no amulet)
HPRegen  0.22/turn              (no ring)
MPRegen  0.09/turn              (no ring)

@: berserking (expiring), very quick
A: large, unfitting armour, tough skin 1
a: Renounce Religion


You were in the Dungeon.
You worshipped Okawaru.
Okawaru was noncommittal.
You visited 1 branch

Inventory:

Hand Weapons
 a - a +2 mace (weapon)
 o - a +2 hand axe
Missiles
 d - 2 throwing nets (quivered)
Armour
 b - a +0 robe (worn)
Scrolls
 j - a scroll of blinking
 l - 3 scrolls of remove curse
 m - 5 scrolls of amnesia
 n - a scroll of summoning
Potions
 e - a potion of curing
 g - a potion of haste
 h - 4 potions of magic
 i - 2 potions of berserk rage
 k - 2 potions of invisibility


   Skills:
 + Level 5.5 Fighting
 + Level 2.9 Maces & Flails
 + Level 5.4 Throwing
 + Level 3.7 Dodging
 + Level 3.0 Stealth


You had 3 spell levels left.
You didn't know any spells.
Your spell library was empty.

Dungeon Overview and Level Annotations

Branches:
Dungeon (1/1)

Altars:
Ashenzari
Cheibriados
Dithmenos
Elyvilon
Fedhas
Gozag
Hepliaklqana
Kikubaaqudgha
Makhleb
Nemelex Xobeh
Okawaru
Qazlal
Ru
Sif Muna
Trog
Uskayaw
Vehumet
Wu Jian
Xom
Yredelemnul
Zin
The Shining One
Beogh
Jiyva
Lugonu


Innate Abilities, Weirdness & Mutations

You are too large for most types of armour.
You have tough skin. (AC +1)


Message History

The gnoll is heavily wounded.
The orc priest calls down the wrath of Beogh upon you.
Beogh smites you!
* * * LOW HITPOINT WARNING * * *
Unknown command.
You are too berserk!
You hit the gnoll.
The gnoll is almost dead.
The orc barely misses you. The gnoll closely misses you.
Unknown command.
You closely miss the gnoll.
The gnoll is almost dead.
The gnoll barely misses you.
Unknown command.
You sock the gnoll!
You kill the gnoll!
Okawaru accepts your kill.
The orc priest invokes the aid of Beogh against you.
Beogh smites you!
You die...

#.?(.')))'.##......#..#
##########.##..........
#..........†'..........
#+#####)#####......#..#
#. #...'.##..........
#..#...#.#####'#####+
#..#####.##.......#
#..'o..#.##.......#
#(o)@..†.##.......#
#..########...<...# #.
#.......# # #.......#
#.......# #########


You could see an orc priest and an orc.

Vanquished Creatures
  An orc priest (D)
  An orc wizard (D)
  A gnoll (D)
  An adder (D)
  An ooze (D)
  2 leopard geckos (D)
  2 orcs (D)
  A quokka (D)
  A frilled lizard (D)
11 creatures vanquished.

Notes
Turn   | Place    | Note
-------+----------+-------------------------------------------
     0 | D        | rocky1 the Ogre Hunter began the quest for the Orb.
     0 | D        | Reached XP level 1. HP: 22/22 MP: 1/1
    19 | D        | Reached skill level 1 in Stealth
    53 | D        | Found a bloodstained altar of Trog.
    53 | D        | Found a shimmering blue altar of Sif Muna.
    53 | D        | Found a viscous altar of Jiyva.
    53 | D        | Found a hazy altar of Hepliaklqana.
    53 | D        | Found an opulent altar of Gozag.
    54 | D        | Found a glowing golden altar of the Shining One.
    54 | D        | Found a glowing silver altar of Zin.
    54 | D        | Found a basalt altar of Yredelemnul.
    54 | D        | Found a shimmering altar of Xom.
    54 | D        | Found an ornate altar of the Wu Jian Council.
    54 | D        | Found a sacrificial altar of Ru.
    54 | D        | Found a stormy altar of Qazlal.
    54 | D        | Found an iron altar of Okawaru.
    54 | D        | Found a sparkling altar of Nemelex Xobeh.
    54 | D        | Found a burning altar of Makhleb.
    54 | D        | Found a blossoming altar of Fedhas.
    54 | D        | Found a white marble altar of Elyvilon.
    54 | D        | Found a shadowy altar of Dithmenos.
    54 | D        | Found a snail-covered altar of Cheibriados.
    57 | D        | Found a corrupted altar of Lugonu.
    57 | D        | Found a radiant altar of Vehumet.
    57 | D        | Found a roughly hewn altar of Beogh.
    58 | D        | Found an ancient bone altar of Kikubaaqudgha.
    58 | D        | Found a hide-covered altar of Uskayaw.
    58 | D        | Found a broken altar of Ashenzari.
    62 | D        | Became a worshipper of Warmaster Okawaru
    83 | D        | Reached skill level 1 in Maces & Flails
    83 | D        | Reached XP level 2. HP: 30/32 MP: 2/2
   243 | D        | Reached skill level 5 in Throwing
   243 | D        | Reached XP level 3. HP: 31/41 MP: 3/3
   250 | D        | Reached skill level 5 in Fighting
   250 | D        | Reached XP level 4. HP: 39/50 MP: 4/4
   254 | D        | HP: 1/75 [orc priest/divine providence (12)]
   257 | D        | Killed from afar by an orc priest

Illustrated notes

Levels and vault maps discovered:
D:        pitsprint [storerooms_1, entrance_room_1, metal_vault_1, armoury_2,
          mini_pit_1, grid_room_1, main_hall_1, silver_pit, the_coven_2,
          the_vestibule_1, steel_vault_2, golden_pit, hallway_of_sentries,
          crystal_vault_4, iron_vault_4, final_vault]

Skill      XL: |  1  2  3  4 |
---------------+-------------+-----
Fighting       | 3 4 5 |  5.5
Dodging        | 2 3 |  3.7
Stealth        | 1 2 3 |  3.0
Maces & Flails | 1 2 |  2.9
Throwing       | 5 |  5.4

Action                   |  1- 3 |  4- 6 || total
-------------------------+-------+-------++-------
Melee: Short sword       |     3 |       ||     3
       Mace              |    13 |     8 ||    21
Throw: Large rock        |     8 |       ||     8
  Use: Potion            |     2 |       ||     2
Armor: Robe              |     3 |       ||     3
Dodge: Dodged            |    22 |     6 ||    28

Table legend: (Time is in decaauts)
 A = Elapsed time spent in this place.
 B = Non-inter-level travel time spent in this place.
 C = Inter-level travel time spent in this place.
 D = Time resting spent in this place.
 E = Time spent auto-exploring this place.
 F = Levels seen in this place.
 G = Mean time per level.
                   A        B        C        D        E       F      G
               +--------+--------+--------+--------+--------+-----+--------+
         Total |    264 |    264 |      0 |    128 |      0 |   1 |  264.0 |
       Dungeon |    264 |    264 |      0 |    128 |      0 |   1 |  264.0 |
               +--------+--------+--------+--------+--------+-----+--------+

Top non-repeatable levels by time:
       D: 264 daAuts
